 Dungeon Crawl Stone Soup version 0.28.0-62-gf88900778d (webtiles) character file.

Game seed: 14314602180899366679

2803 cbfl8 the Chopper (level 9, -1/69 HPs)
             Began as a Demonspawn Berserker on Apr 13, 2024.
             Was a Priest of Trog.
             Slain by a wyvern (10 damage)
             ... on level 7 of the Dungeon.
             The game lasted 00:08:21 (9600 turns).

cbfl8 the Chopper (Demonspawn Berserker)            Turns: 9600, Time: 00:08:22

Health: -1/69      AC: 13    Str: 19    XL:     9   Next: 44%
Magic:  9/9        EV:  6    Int:  8    God:    Trog [***...]
Gold:   239        SH:  9    Dex: 16    Spells: 8/8 levels left

rFire   . . .      SeeInvis .   a - +0 hand axe
rCold   . . .      Faith    .   g - +0 kite shield
rNeg    . . .      Spirit   .   k - +0 chain mail
rPois   .          Reflect  .   (helmet restricted)
rElec   .          Harm     .   (no cloak)
rCorr   +          Rampage  .   (no gloves)
Will    +....                   j - +2 pair of boots
Stlth   ..........              (no amulet)
HPRegen 0.21/turn               h - ring of resist corrosion
MPRegen 0.11/turn               d - ring of willpower

@: no status effects
A: horns 1, demonic magic 2
a: Renounce Religion, Berserk, Trog's Hand


You were on level 7 of the Dungeon.
You worshipped Trog.
Trog was most pleased with you.
You visited 1 branch of the dungeon, and saw 7 of its levels.
You also visited: Sewer.

You collected 239 gold pieces.

Inventory:

Hand Weapons
 a - a +0 hand axe (weapon)
Armour
 g - a +0 kite shield (worn)
 j - a +2 pair of boots (worn)
 k - a +0 chain mail (worn)
Jewellery
 d - a ring of willpower (right hand)
 h - a ring of resist corrosion (left hand)
Wands
 o - a wand of paralysis (8) (quivered)
Scrolls
 b - 3 scrolls of fog
 c - 2 scrolls of silence
 i - a scroll of noise
 l - 3 scrolls of enchant armour
 m - a scroll of enchant weapon
 t - a scroll of fear {unknown}
 v - 2 scrolls of magic mapping {unknown}
 w - a scroll of teleportation
 x - 2 scrolls of blinking
 y - a scroll of vulnerability {unknown}
Potions
 f - a potion of magic {unknown}
 n - a potion of cancellation
 p - a potion of heal wounds
 q - 2 potions of attraction {unknown}
 r - 3 potions of lignification {unknown}
 s - 2 potions of resistance
 z - a potion of ambrosia {unknown}


   Skills:
 + Level 5.7 Fighting
 + Level 7.7 Axes
 + Level 5.3 Armour
 - Level 1.7 Dodging
 + Level 3.6 Shields
 * Level 5.8 Evocations


You had 8 spell levels left.
You didn't know any spells.
Your spell library was empty.

Dungeon Overview and Level Annotations

Branches:
Dungeon (7/15)             Temple (0/1) D:6           Sewer (visited)

Altars:
Wu Jian

Shops:
D:4 [*   D:5 [   D:7 ?


Innate Abilities, Weirdness & Mutations

You have a pair of small horns on your head.
Spells you cast may paralyse nearby enemies.


Message History

Trog accepts your kill.
You hit the wyvern but do no damage. You block the wyvern's attack.
The wyvern barely misses you.
You hit the wyvern.
The wyvern is lightly wounded.
The wyvern barely misses you.
You hit the wyvern.
The wyvern is moderately wounded.
You block the wyvern's attack. x2
You hit the wyvern.
The wyvern is heavily wounded.
The wyvern bites you.
The wyvern bites you but does no damage.
You are too injured to fight recklessly!
You are too injured to fight recklessly!
You are too injured to fight recklessly!
You are too injured to fight recklessly!
You are too injured to fight recklessly!
You are too injured to fight recklessly!
You are too injured to fight recklessly!
You hit the wyvern.
The wyvern is heavily wounded.
The wyvern bites you!
You hit the wyvern but do no damage.
The wyvern is heavily wounded.
The wyvern bites you!
* * * LOW HITPOINT WARNING * * *
You block the wyvern's attack.
You barely miss the wyvern. You headbutt the wyvern.
The wyvern is severely wounded.
The wyvern bites you but does no damage.
You completely miss the wyvern.
The wyvern is severely wounded.
The wyvern bites you!
* * * LOW HITPOINT WARNING * * *
The wyvern bites you but does no damage.
You feel much better. The wyvern bites you!
* * * LOW HITPOINT WARNING * * *
The wyvern bites you!
You die...

##.###.#####.#
.............##
..............#
...>...8..$.#..
...(..........#
...).∩.......#
...........#
(..8..(@..#
.......(l..#
..........##
...........#
...)........#
..####.##.....
. #. ###### #<


You could see a wyvern.

Vanquished Creatures
  Pikel (D:5)
  A slime creature (D:6)
  Sigmund (D:4)
  Edmund (D:4)
  A water moccasin (D:6)
  An ice beast (D:6)
  A black bear (D:6)
  A necrophage (D:5)
  An ogre (D:6)
  2 kobold brigands (D:6)
  2 bullfrogs
  6 scorpions
  A water moccasin skeleton (D:4)
  A wyvern skeleton (D:5)
  A howler monkey (D:6)
  A bullfrog zombie (D:7)
  8 jellies
  2 orc priests (D:6)
  2 hounds
  4 iguanas
  A hell rat (Sewer)
  A howler monkey zombie (D:7)
  3 gnolls (D:6)
  An adder (D:5)
  2 river rats (Sewer)
  2 ufetubi (D:5)
  2 worms (D:5)
  2 dart slugs
  17 orcs
  9 bats
  18 endoplasms
  2 giant cockroaches (D:2)
  6 goblins
  4 hobgoblins
  7 jackals
  4 quokkas
  2 ball pythons (D:4)
  5 frilled lizards
  13 kobolds
  9 rats
149 creatures vanquished.

Vanquished Creatures (others)
  5 fungi (D:6)
5 creatures vanquished.

Grand Total: 154 creatures vanquished

Notes
Turn   | Place    | Note
-------+----------+-------------------------------------------
     0 | D:1      | cbfl8 the Demonspawn Berserker began the quest for the Orb.
     0 | D:1      | Reached XP level 1. HP: 18/18 MP: 1/1
   464 | D:1      | Reached skill level 3 in Axes
   464 | D:1      | Gained mutation: Spells you cast may paralyse adjacent
                  | enemies. [demonic ancestry]
   464 | D:1      | Reached XP level 2. HP: 18/24 MP: 2/2
  1402 | D:2      | Reached skill level 1 in Evocations
  1402 | D:2      | Reached XP level 3. HP: 22/29 MP: 3/3
  1508 | D:2      | You fall into a shaft and drop 2 floors!
  1619 | D:4      | Reached ** piety under Trog
  1765 | D:3      | Gained mutation: Spells you cast may paralyse nearby
                  | enemies. [demonic ancestry]
  1765 | D:3      | Reached XP level 4. HP: 36/37 MP: 4/4
  2640 | D:3      | Found a faded altar of an unknown god.
  2842 | D:3      | Found an ornate altar of the Wu Jian Council.
  2924 | D:4      | Found Vuoxeuho's Antique Armour Shop.
  3377 | D:4      | Noticed a scorpion
  3387 | D:4      | Killed a scorpion
  3388 | D:4      | Reached skill level 4 in Axes
  3388 | D:4      | Reached skill level 1 in Shields
  3388 | D:4      | Reached XP level 5. HP: 36/42 MP: 5/5
  3588 | D:4      | Noticed Edmund
  3602 | D:4      | Killed Edmund
  3603 | D:4      | Reached XP level 6. HP: 25/48 MP: 6/6
  3900 | D:4      | Noticed Sigmund
  3918 | D:4      | Killed Sigmund
  4127 | D:4      | Reached skill level 5 in Axes
  4238 | D:4      | Found Yniocw's General Store.
  4297 | D:4      | Reached XP level 7. HP: 54/54 MP: 7/7
  4884 | D:5      | Entered Level 5 of the Dungeon
  4932 | D:5      | Noticed Pikel
  5000 | D:5      | Found a glowing drain.
  5151 | Sewer    | Entered a sewer
  5807 | D:5      | Killed Pikel
  5808 | D:5      | Reached skill level 6 in Axes
  5808 | D:5      | Gained mutation: You have a pair of small horns on your
                  | head. [demonic ancestry]
  5808 | D:5      | Reached XP level 8. HP: 51/61 MP: 8/8
  6283 | D:5      | Reached skill level 5 in Fighting
  6466 | D:5      | Found Sicw's Armour Boutique.
  7856 | D:6      | Reached skill level 5 in Evocations
  8129 | D:6      | Found a staircase to the Ecumenical Temple.
  8254 | D:6      | Reached skill level 7 in Axes
  8273 | D:6      | Reached XP level 9. HP: 20/68 MP: 9/9
  9038 | D:6      | Reached *** piety under Trog
  9049 | D:6      | Reached skill level 5 in Armour
  9448 | D:7      | Found Cuxonuk's Magic Scroll Emporium.
  9599 | D:7      | HP: 1/69 [wyvern (10)]
  9600 | D:7      | Slain by a wyvern

Illustrated notes

Levels and vault maps discovered:
D:1:      giann_wishing_wells, layout_basic, serial_rivers,
          chequers_serial_rivers_micro_d, chequers_serial_rivers_room_b,
          chequers_serial_rivers_micro_c, chequers_serial_rivers_room_b,
          chequers_serial_rivers_large_b
D:2:      layout_basic
D:3:      layout_rooms, nzn_wu_jian_council_hall, nicolae_ecumenical_pavilion
D:4:      layout_loops_corners, serial_shops, nicolae_stop_n_shop_2, shop,
          sigmund_edmund_badplayer
D:5:      layout_layer_cave, cheibrodos_sewer_entry_bend, serial_shops, shop,
          uniq_pikel
D:6:      lemuel_slime, layout_basic, temple_green
D:7:      layout_loops_ring, serial_shops, shop, shop_statue,
          nicolae_stop_n_shop_1, chequers_arboretum

Skill      XL: |  1  2  3  4  5  6  7  8  9 |
---------------+----------------------------+-----
Axes           | 3 4 5 6 7 |  7.7
Evocations     | 1 2 3 4 5 |  5.8
Armour         | 2 3 4 5 |  5.3
Shields        | 1 2 3 |  3.6
Fighting       | 4 5 |  5.7
Dodging        | |  1.7

Action                   |  1- 3 |  4- 6 |  7- 9 || total
-------------------------+-------+-------+-------++-------
Melee: Hand axe          |   117 |   122 |   375 ||   614
       Headbutt          |       |       |    63 ||    63
Invok: Berserk           |       |     3 |     3 ||     6
Evoke: Wand              |       |     1 |     3 ||     4
  Use: Scroll            |       |     3 |     5 ||     8
       Potion            |       |     4 |     1 ||     5
 Stab: Sleeping          |     1 |       |       ||     1
       Paralysed         |       |       |     9 ||     9
Armor: Animal skin       |    16 |       |       ||    16
       Ring mail         |    31 |    38 |     4 ||    73
       Chain mail        |       |       |   186 ||   186
Dodge: Dodged            |    88 |    36 |    81 ||   205
Block: Kite shield       |    22 |    46 |   179 ||   247
